[Event "AUT Bundesliga 2024-25"]
[Site "Austria"]
[Date "2025.04.04"]
[Round "9.1"]
[White "Hodysh, Yuriy"]
[Black "Parligras, Mircea-Emilian"]
[Result "1/2-1/2"]
[Annotator "TA"]
[ECO "E56"]
[WhiteElo "2401"]
[BlackElo "2507"]
[PlyCount "62"]
[EventDate "2024.08.28"]
[EventType "team-tourn"]
[EventCountry "AUT"]
[SourceTitle "playchess.com"]
[Source "ChessBase"]
[SourceQuality "1"]
[TimeControl "40/5400+30:1800+30"]

1. d4 Nf6 2. c4 e6 3. Nf3 d5 4. Nc3 Bb4 5. e3 O-O 6. Bd3 dxc4 7. Bxc4 c5 8. O-O Nc6 9. a3 Ba5 10. Qd3 h6 {[%emt 0:06:57] E56: Nimzo-Indian: Rubinstein: Main Line: 7...Nc6.} 11. Ne4 cxd4 12. exd4 Bb6 13. Rd1 {[%emt 0:09:48] [#]} e5 $146 (13... Nd5 14. Ba2 Bc7 15. Bd2 b6 16. Rac1 Bb7 17. Bb1 f5 18. Nc3 Nce7 19. Re1 Rf6 {½-½ Sarana,A (2693)-Caruana,F (2786) AI Cup Div 2 W rapid 2023 (2.2)}) 14. d5 {[%emt 0:17:40] Nxf6+ is the strong threat.} (14. Nxf6+ Qxf6 15. dxe5 Nxe5 16. Nxe5 Qxe5) (14. dxe5 {is interesting.} Nxe4 15. Qe2 Qxd1+ 16. Qxd1 Nxf2 17. Qe2) (14. dxe5 Nxe4) 14... Nd4 15. Nxd4 Bxd4 16. Nxf6+ Qxf6 17. Be3 Bxb2 18. Ra2 Bf5 19. Qd2 {[%emt 0:01:25] [#]} (19. Qb3 $1 $11 Bd4 20. Bxd4 exd4 21. Qxb7) 19... Bd4 20. Bxd4 $11 {[%emt 0:00:08] The position is equal.} exd4 21. Qxd4 Qxd4 22. Rxd4 Rac8 23. f3 Rfd8 24. Rb2 b6 25. g4 Bd7 26. d6 b5 27. Bxb5 Rb8 28. Rdb4 ({Don't go for} 28. a4 $2 a6 29. Bxd7 Rxb2 $19) 28... Rxb5 29. Rxb5 Bxb5 30. Rxb5 Rxd6 31. Ra5 a6 {[%emt 0:00:13] An even fight not without its subleties.   Weighted Error Value: White=0.09 (flawless) /Black=0.09 (flawless)   Mistake:       	White=1     	Black=1      Inaccurate:     	White=2     	Black=1      OK:         	White=6     	Black=10     Best:        	White=1     	Black=1} 1/2-1/2

[Event "AUT Bundesliga 2024-25"]
[Site "Austria"]
[Date "2025.04.04"]
[Round "9.2"]
[White "Kozul, Zdenko"]
[Black "Vitouch, Anatol"]
[Result "1-0"]
[Annotator "TA"]
[ECO "D06"]
[WhiteElo "2507"]
[BlackElo "2271"]
[PlyCount "55"]
[EventDate "2024.08.28"]
[EventType "team-tourn"]
[EventCountry "AUT"]
[SourceTitle "playchess.com"]
[Source "ChessBase"]
[SourceQuality "1"]
[TimeControl "40/5400+30:1800+30"]

1. d4 d5 2. c4 c5 3. cxd5 Qxd5 4. Nf3 cxd4 5. Nc3 Qa5 6. Nxd4 {[%emt 0:00:25] D06: Queen's Gambit: Symmetrical and Baltic Defences.} Nf6 {[%emt 0:00:12] Inhibits e4.} 7. a3 e5 8. Nb3 {[%emt 0:00:10] White is slightly better.} Qc7 9. Bg5 Be6 10. Bxf6 gxf6 11. Nd5 Bxd5 12. Qxd5 {[%emt 0:00:07] White attacks} Nc6 13. e3 Rd8 14. Qe4 Qb6 $146 (14... Qd7 15. Bb5 a6 16. Bxc6 Qxc6 17. Qxc6+ bxc6 18. Nd2 Rg8 19. g3 f5 20. Ke2 Rg6 {1-0 Atalik,S (2427)-Kalisky,V (2169) Wch Seniors 50 31st 2023 (2)}) 15. Bc4 Na5 (15... Ne7 $14) 16. Nxa5 $16 Qxa5+ 17. Ke2 Rd2+ 18. Kf3 Be7 19. g3 (19. Qxb7 $2 e4+ 20. Qxe4 (20. Kxe4 Qe5+ 21. Kf3 Qf5+ 22. Kg3 Rg8+ 23. Kh4 Qg4#) 20... Qh5+ 21. Qg4 Rxf2+ 22. Kxf2 Qxg4 $19) 19... Qb6 (19... Qd8 $142) 20. Rhd1 Qxb2 21. Rxd2 Qxa1 {[%emt 0:00:20] Black is weak on the light squares} 22. Kg2 $40 {[%emt 0:14:48][%mdl 128] Wards off Qh1+. White goes for the king.} (22. Qxb7 $2 Qh1+ (22... Qxa3 23. Qc8+) 23. Kg4 Qxb7 $19) 22... Qxa3 23. Qxb7 {[%emt 0:02:21] White wants to mate with Qc8+. White has more active pieces.} O-O 24. Rd7 {[%emt 0:00:07][%mdl 1024] White has strong compensation.} Qb4 25. Qd5 (25. Rxe7 $6 Qxc4 26. h4 (26. Qxa7 Qe4+ 27. Kh3 h5 $15) 26... Kg7 $11) 25... Qc5 {[%emt 0:01:05] [#]} (25... a5 $16) 26. Qe4 $1 $18 {[%emt 0:01:07] Threatens to win with Bd3.} Rd8 {[%emt 0:05:20] [#]} (26... f5 {was necessary.} 27. Qxf5 Qxc4) 27. Bd3 $1 f5 ({And not} 27... Rxd7 28. Qxh7+ Kf8 29. Qh8#) 28. Qxf5 {[%emt 0:00:16] Weighted Error Value: White=0.04 (flawless) /Black=0.23 (precise)   Mistake:       	---       	Black=4      Inaccurate:     	---       	Black=1      OK:         	White=9     	Black=10     Best:        	White=4     	Black=4      Strong:       	White=2     	---} ({Weaker is} 28. Rxd8+ Bxd8 29. Qxf5 Qc6+ 30. Kf1 Qh6 $16) 1-0

[Event "AUT Bundesliga 2024-25"]
[Site "Austria"]
[Date "2025.04.04"]
[Round "9.3"]
[White "Gschiel, Alexander"]
[Black "Schnider, Gert"]
[Result "1/2-1/2"]
[Annotator "RC"]
[ECO "D38"]
[WhiteElo "2317"]
[BlackElo "2368"]
[PlyCount "129"]
[EventDate "2024.08.28"]
[EventType "team-tourn"]
[EventCountry "AUT"]
[SourceTitle "playchess.com"]
[Source "ChessBase"]
[SourceQuality "1"]
[TimeControl "40/5400+30:1800+30"]

1. d4 Nf6 2. c4 e6 3. Nf3 d5 4. Nc3 Bb4 5. Qa4+ Nc6 6. e3 O-O 7. Bd2 Bd7 8. Qc2 Re8 9. a3 Bf8 10. Rd1 e5 11. dxe5 Nxe5 12. Nxe5 Rxe5 13. cxd5 Nxd5 14. e4 Nxc3 15. Bxc3 Re8 16. Bd3 Qh4 17. O-O Rad8 18. f4 Bg4 19. Rde1 Re6 20. b4 a5 21. Bc4 Rh6 22. g3 Qh5 23. f5 axb4 24. axb4 b5 25. Bxb5 c5 26. Rf2 cxb4 27. Bd2 Rb6 28. Bc4 Rbb8 29. Bd5 Bd6 30. Bf4 Rbc8 31. Qd2 Be7 32. Be3 b3 33. Bb6 Rc2 34. Qd3 Rb8 35. Bxb3 Rcc8 36. Bd4 Qh6 37. Bd5 Qd6 38. Kg2 Qh6 39. Kg1 Qd6 40. Rb1 Bh3 41. Ra1 Bf6 42. Rfa2 h5 43. Ra7 Rb4 44. Be3 Kh7 45. R7a6 Qd8 46. Rd1 Rc3 47. Qd2 Bg4 48. Re1 Qe7 49. Ra2 Rxe3 50. Rxe3 Bg5 51. Kf2 Rb1 52. Qc3 Bxe3+ 53. Qxe3 Qf6 54. Rd2 Bh3 55. Bc4 Qa1 56. Qg5 Qa7+ 57. Qe3 Qa1 58. Qd4 Qa3 59. Bd3 Rb3 60. Be2 Rb4 61. Qe3 Qa4 62. Qg5 Qa7+ 63. Qe3 Qa4 64. Bd1 Qb5 65. Be2 1/2-1/2

[Event "AUT Bundesliga 2024-25"]
[Site "Austria"]
[Date "2025.04.04"]
[Round "9.4"]
[White "Fahrner, Kurt"]
[Black "Rubil, Marko"]
[Result "1/2-1/2"]
[Annotator "RC"]
[ECO "C22"]
[WhiteElo "2266"]
[BlackElo "2276"]
[PlyCount "146"]
[EventDate "2024.08.28"]
[EventType "team-tourn"]
[EventCountry "AUT"]
[SourceTitle "playchess.com"]
[Source "ChessBase"]
[SourceQuality "1"]
[TimeControl "40/5400+30:1800+30"]

1. e4 e5 2. d4 exd4 3. Qxd4 Nc6 4. Qe3 Nf6 5. Bd2 b6 6. Nc3 Bc5 7. Qg3 O-O 8. O-O-O Re8 9. f3 Bb7 10. Nge2 Ne5 11. Nf4 c6 12. Nd3 Bd4 13. Nxe5 Bxe5 14. f4 Bxc3 15. Bxc3 Rxe4 16. Bd3 Re8 17. Qh3 d5 18. Bxf6 Qxf6 19. Qxh7+ Kf8 20. g3 Ke7 21. Qh5 Kd6 22. Qf3 Re7 23. Rhe1 Rae8 24. Rxe7 Qxe7 25. Ba6 Bxa6 26. Qa3+ c5 27. Qxa6 Qe3+ 28. Kb1 Qe2 29. Qxe2 Rxe2 30. Rh1 Rg2 31. Kc1 d4 32. b3 Kd5 33. Re1 Rxh2 34. Re7 Rg2 35. Rxa7 Rxg3 36. Rxf7 b5 37. Rf5+ Kc6 38. a4 bxa4 39. bxa4 Ra3 40. Rg5 Rxa4 41. Rxg7 Kd5 42. Rg5+ Kc4 43. Kb2 Rb4+ 44. Kc1 Rb6 45. f5 Rh6 46. Rg1 Kd5 47. Rf1 Ke5 48. c3 d3 49. c4 Rf6 50. Kd2 Ke4 51. Rh1 Rxf5 52. Rh4+ Rf4 53. Rxf4+ Kxf4 54. Kxd3 Kf3 55. Kd2 Ke4 56. Ke2 Kd4 57. Kd2 Kxc4 58. Kc2 Kd4 59. Kd2 Ke5 60. Kc3 Kd5 61. Kd3 c4+ 62. Kc3 Kc5 63. Kc2 Kb5 64. Kc3 Kc5 65. Kc2 Kd4 66. Kd2 c3+ 67. Kc2 Kc4 68. Kc1 Kd3 69. Kd1 Kd4 70. Kc2 Kc4 71. Kc1 Kb3 72. Kb1 c2+ 73. Kc1 Kc3 1/2-1/2

[Event "AUT Bundesliga 2024-25"]
[Site "Austria"]
[Date "2025.04.04"]
[Round "9.5"]
[White "Lovrinovic, Christian"]
[Black "Krebs, Johann"]
[Result "0-1"]
[Annotator "ChessBase"]
[ECO "E95"]
[WhiteElo "2062"]
[BlackElo "2231"]
[PlyCount "126"]
[EventDate "2024.08.28"]
[EventType "team-tourn"]
[EventCountry "AUT"]
[SourceTitle "playchess.com"]
[Source "ChessBase"]
[SourceQuality "1"]
[TimeControl "40/5400+30:1800+30"]

1. d4 Nf6 2. c4 g6 3. Nc3 Bg7 4. e4 d6 5. Nf3 O-O 6. Be2 e5 7. O-O h6 8. Re1 Nbd7 9. h3 exd4 10. Nxd4 Re8 11. Bf3 Ne5 12. Be2 Nc6 13. Nxc6 bxc6 14. Bf1 Nd7 15. Be3 c5 16. Qd2 Kh7 17. Rad1 Bb7 18. f3 Ne5 19. Qc1 Qb8 20. Kh1 Nc6 21. b3 Nd4 22. Ne2 Ne6 23. Nf4 a5 24. a4 Nd4 25. Rd3 Bc6 26. Qd1 Qb7 27. Ne2 Rab8 28. Nc1 Bd7 29. Bxd4 cxd4 30. Rd2 c5 31. Bd3 Be5 32. Bc2 Bg3 33. Rf1 Bf4 34. Re2 Bc6 35. Nd3 Be3 36. Qe1 Ra8 37. e5 dxe5 38. Nxc5 Qe7 39. Rxe3 dxe3 40. Qxe3 Rad8 41. Re1 Qh4 42. Be4 Bxe4 43. fxe4 Qe7 44. Rf1 Kg7 45. Nd3 Rd4 46. Ne1 Red8 47. Nf3 Rd1 48. Rxd1 Rxd1+ 49. Kh2 Qf6 50. Qc3 Qf4+ 51. g3 Qxe4 52. Qxe5+ Qxe5 53. Nxe5 Rd2+ 54. Kg1 Rb2 55. Nc6 Rxb3 56. Kf2 Ra3 57. Nxa5 Rxa4 58. Nb3 Rxc4 59. Nd2 Rb4 60. Kf3 Kf6 61. h4 Ke5 62. Ke3 Kf5 63. Kf3 Rd4 0-1

[Event "AUT Bundesliga 2024-25"]
[Site "Austria"]
[Date "2025.04.04"]
[Round "9.6"]
[White "Ebner, Hubert"]
[Black "Karelina, Polina"]
[Result "1-0"]
[Annotator "ChessBase"]
[ECO "E81"]
[WhiteElo "2154"]
[BlackElo "1903"]
[PlyCount "47"]
[EventDate "2024.08.28"]
[EventType "team-tourn"]
[EventCountry "AUT"]
[SourceTitle "playchess.com"]
[Source "ChessBase"]
[SourceQuality "1"]
[TimeControl "40/5400+30:1800+30"]

1. d4 Nf6 2. c4 g6 3. Nc3 Bg7 4. e4 d6 5. f3 O-O 6. Bg5 c5 7. d5 Na6 8. Qd2 Bd7 9. Bd3 Rb8 10. Nge2 Nc7 11. a4 a5 12. h4 h5 13. O-O-O Qe8 14. b3 Nh7 15. Bh6 Nf6 16. Rdg1 e6 17. g4 exd5 18. exd5 hxg4 19. h5 gxf3 20. hxg6 fxg6 21. Rxg6 Rf7 22. Bxg7 Rxg7 23. Rxg7+ Kxg7 24. Qg5+ 1-0

[Event "AUT Bundesliga 2024-25"]
[Site "Austria"]
[Date "2025.04.04"]
[Round "9.7"]
[White "Vachier-Lagrave, Maxime"]
[Black "Saric, Ivan"]
[Result "1/2-1/2"]
[Annotator "TA"]
[ECO "B50"]
[WhiteElo "2722"]
[BlackElo "2659"]
[PlyCount "82"]
[EventDate "2024.08.28"]
[EventType "team-tourn"]
[EventCountry "AUT"]
[SourceTitle "playchess.com"]
[Source "ChessBase"]
[SourceQuality "1"]
[TimeControl "40/5400+30:1800+30"]

1. e4 c5 2. Nf3 d6 3. Bc4 Nf6 4. d3 Nc6 5. O-O g6 6. c3 Bg7 7. Re1 {[%emt 0:00:12] B50: Sicilian: 2...d6, Miscellaneous.} O-O 8. Nbd2 {[%emt 0:09:07] 8.a4 is the modern continuation.} Rb8 9. Bb3 b5 10. Nf1 a5 11. h3 a4 $146 (11... b4 12. Be3 Nd7 13. d4 Ba6 14. N1h2 bxc3 15. bxc3 cxd4 16. cxd4 Nf6 17. e5 Ne8 {1-0 Gormally,D (2494)-Ward,C (2437) GBR-ch 103rd 2016 (8)}) 12. Bc2 e5 13. Ne3 d5 14. exd5 Nxd5 15. Nxd5 Qxd5 16. Be3 Bf5 (16... Rd8 $15) 17. Ng5 Rfd8 {[%emt 0:03:50][%cal Oc5c4] ...c4! poses a challenge} 18. Ne4 c4 19. dxc4 Qxc4 20. Qe2 Qxe2 21. Rxe2 h6 22. g4 Be6 23. g5 h5 ({Much weaker is} 23... Bxh3 $6 24. gxh6 Bh8 25. h7+ Kg7 26. Bg5 $18) 24. Kh2 {[%emt 0:00:59] [#]} a3 $1 25. Bb3 (25. bxa3 $5 Nd4 26. cxd4 exd4 27. Rae1 dxe3 28. Rxe3 $17) 25... Bxb3 (25... Bf5 $15 26. Nf6+ Bxf6 27. gxf6 Bd3) 26. axb3 $11 {[%emt 0:00:08] The position is equal.} b4 27. bxa3 bxc3 28. Rc2 Rxb3 29. Rxc3 Rxc3 30. Nxc3 Nd4 31. Ra2 f5 {[%emt 0:09:30] And now ...Nf3+ would win.} 32. gxf6 Bxf6 33. a4 Ra8 $1 34. Kg2 Ra6 35. Ne4 Be7 36. Bd2 Kf7 37. a5 Ke6 38. f3 Kd5 39. Ra4 Bd8 40. Nc3+ Ke6 41. Ne4 Kd5 {[%emt 0:30:06] Inhibits Nc5.   Weighted Error Value: White=0.05 (flawless) /Black=0.06 (flawless)   Mistake:       	---       	Black=2      Inaccurate:     	White=2     	---        OK:         	White=13    	Black=20     Best:        	White=1     	---        Strong:       	---       	Black=1} 1/2-1/2

[Event "AUT Bundesliga 2024-25"]
[Site "Austria"]
[Date "2025.04.04"]
[Round "9.8"]
[White "Brkic, Ante"]
[Black "Mamedyarov, Shakhriyar"]
[Result "1/2-1/2"]
[Annotator "TA"]
[ECO "C78"]
[WhiteElo "2586"]
[BlackElo "2748"]
[PlyCount "60"]
[EventDate "2024.08.28"]
[EventType "team-tourn"]
[EventCountry "AUT"]
[SourceTitle "playchess.com"]
[Source "ChessBase"]
[SourceQuality "1"]
[TimeControl "40/5400+30:1800+30"]

1. e4 e5 2. Nf3 Nc6 3. Bb5 a6 4. Ba4 Nf6 5. O-O Bc5 6. c3 O-O 7. d4 Ba7 8. Bg5 {[%emt 0:02:46][%cal Bc1g5,Bg5h4,Bh4g3][%mdl 32] 8.Re1 injects fresh life into this line. C78: Ruy Lopez: Archangelsk and Möller Defences.} h6 9. Bh4 d6 10. Bxc6 {[%emt 0:03:35] White is slightly better.} bxc6 11. dxe5 dxe5 12. Nbd2 $5 $146 {[%emt 0:04:23][%csl Oa6,Oc6,Oc7][%mdl 8] Black has weak pawns An interesting novelty.} ({White should play} 12. Nxe5 $16 {Threatens to win with Qxd8.} Qe7 13. Nf3 (13. Nxc6 Qxe4 14. Nxa7 Bb7 $11) 13... Qxe4 14. Bxf6 gxf6 15. Nbd2) (12. Qe2 Re8 13. Rd1 Qe7 14. Nbd2 g5 15. Bg3 Nh5 16. Nc4 Nf4 17. Qc2 Qf6 18. Nfxe5 Rxe5 19. Nxe5 Qxe5 {0-1 Durarbayli,V (2631)-Nihal,S (2688) Titled Tuesday intern op 04th Jul Early blitz 2023 (10)}) 12... Qd6 13. Bg3 Nd7 14. Nc4 Qxd1 15. Rfxd1 f6 16. Na5 Nc5 17. Nxc6 Nxe4 18. Nxa7 Rxa7 19. Nd2 Nxg3 20. hxg3 a5 21. Ne4 a4 22. b4 a3 23. Nc5 Ba6 (23... Bf5 $11) 24. Nxa6 $14 Rxa6 {[%emt 0:00:10][%mdl 4096] Endgame KRR-KRR} 25. Rab1 $1 Rd6 26. Rxd6 cxd6 27. Rb3 Ra8 28. c4 Kf7 $1 29. c5 (29. Kf1 $14 {feels stronger.}) 29... dxc5 30. bxc5 Ke6 {[%emt 0:01:10] Weighted Error Value: White=0.12 (very precise) /Black=0.09 (flawless)   Mistake:       	White=2     	Black=1      Inaccurate:     	---       	Black=1      OK:         	White=9     	Black=7      Best:        	White=2     	---        Strong:       	White=1     	Black=1} 1/2-1/2

[Event "AUT Bundesliga 2024-25"]
[Site "Austria"]
[Date "2025.04.04"]
[Round "9.9"]
[White "Maghsoodloo, Parham"]
[Black "Martinovic, Sasa"]
[Result "1-0"]
[Annotator "TA"]
[ECO "D35"]
[WhiteElo "2684"]
[BlackElo "2549"]
[PlyCount "89"]
[EventDate "2024.08.28"]
[EventType "team-tourn"]
[EventCountry "AUT"]
[SourceTitle "playchess.com"]
[Source "ChessBase"]
[SourceQuality "1"]
[TimeControl "40/5400+30:1800+30"]

1. c4 e6 2. Nc3 d5 3. d4 Nf6 4. cxd5 exd5 5. Bg5 c6 6. e3 Bf5 {[%emt 0:00:08] 6...h6 is the modern continuation.} 7. Nge2 {[%emt 0:05:29] D35: Queen's Gambit Declined: Exchange Variation.} h6 8. Bf4 Nbd7 9. h4 {[%emt 0:07:33] The position is equal.} Bb4 $146 (9... Qb6 10. Qd2 Nh5 11. Bh2 Be7 12. f3 Bh7 13. Bg1 Bd6 14. Bf2 f5 15. Nf4 Nxf4 16. exf4 {½-½ Van der Werf,M (2416)-Plotkin,V (2259) WchT Seniors 50 2025 (8.1)}) 10. a3 Ba5 11. Ng3 Bh7 12. h5 O-O 13. Bd3 Bxd3 14. Qxd3 Re8 15. Nf5 Ne4 16. f3 Nxc3 17. bxc3 {[%emt 0:00:12] A sharp opening} Bc7 18. Bxc7 Qxc7 19. Rh3 Nf6 20. Kf2 Kh8 21. Rg3 Rg8 (21... Nxh5 $2 22. Rh3 g6 23. Rah1 $18) 22. Rh1 Ne8 23. e4 Nd6 24. Nh4 dxe4 25. fxe4 Rad8 $2 {[%emt 0:01:18] Loses the game.} (25... b5 $1 $11) 26. e5 $18 Nc8 {[%emt 0:00:25] [#]} 27. Rf1 $1 Qe7 28. Qe4 Qe6 29. Kg1 {[%emt 0:02:31][%cal Of1f7] Rxf7! is the strong threat.} Ne7 30. Rgf3 Rgf8 {[%emt 0:03:43] [#]} (30... Rdf8 31. a4 (31. Ng6+ Nxg6 32. hxg6 f5 $16) 31... a5 32. Ng6+ Nxg6 33. hxg6 f5 34. Rxf5 Qxg6) 31. Ng6+ $1 Nxg6 32. hxg6 Rd7 (32... f6 33. Qh4 Kg8) 33. Rxf7 {[%emt 0:00:00] White is clearly winning.} Rdxf7 34. Rxf7 Rxf7 35. gxf7 Qxf7 {[%emt 0:00:07][%mdl 4096] Endgame KQ-KQ} 36. e6 Qe7 37. c4 Kg8 38. d5 cxd5 39. cxd5 Qc5+ 40. Kh2 Qc7+ 41. Kh3 {[%emt 0:26:22] White threatens e7 and mate.} Kf8 42. Qb4+ Qe7 43. Qf4+ Kg8 44. Qb8+ Kh7 45. Qe5 {[%emt 0:00:14] Weighted Error Value: White=0.26 (precise) /Black=0.84  Loses game:     	---       	Black=1      Mistake:       	White=1     	Black=2      Inaccurate:     	White=4     	Black=5      OK:         	White=12    	Black=10     Best:        	White=3     	Black=3      Strong:       	White=1     	---} 1-0

[Event "AUT Bundesliga 2024-25"]
[Site "Austria"]
[Date "2025.04.04"]
[Round "9.10"]
[White "Bosiocic, Marin"]
[Black "Sarana, Alexey"]
[Result "0-1"]
[Annotator "TA"]
[ECO "D02"]
[WhiteElo "2522"]
[BlackElo "2672"]
[PlyCount "90"]
[EventDate "2024.08.28"]
[EventType "team-tourn"]
[EventCountry "AUT"]
[SourceTitle "playchess.com"]
[Source "ChessBase"]
[SourceQuality "1"]
[TimeControl "40/5400+30:1800+30"]

1. Nf3 d5 2. g3 g6 3. Bg2 Bg7 4. d4 c6 5. c4 dxc4 6. O-O {[%emt 0:00:06] D02: 1 d4 d5 2 Nf3 sidelines, including 2...Nf6 3 g3 and 2...Nf6 3 Bf4.} Nf6 7. Na3 (7. Qc2 $11) 7... b5 $15 8. b3 {[%emt 0:02:23] Black is slightly better.} cxb3 9. axb3 O-O 10. Ne5 Nd5 11. Bb2 {[%emt 0:00:27] Repels Nc3} a5 $146 (11... Bb7 12. Rc1 Qd6 13. Nc2 a5 14. e4 Nb4 15. Nxb4 axb4 16. Qc2 Rc8 17. Rfd1 Nd7 {1-0 Andriasian,Z (2594)-Sarana,A (2432) EU-ch rapid Minsk 2015 (7)}) 12. Nd3 {[%emt 0:04:47] White sacrificed a pawn} Qb6 13. Nc2 b4 14. Qd2 Rd8 15. e4 (15. Rfd1 $11) 15... Nc7 16. Qe3 Ba6 17. Rfd1 Nd7 18. Nc5 Bb5 19. h4 e5 20. Nxd7 Rxd7 21. d5 $1 Qb7 22. Bh3 (22. Qc5 $11) 22... cxd5 $1 $17 {[%emt 0:02:16] Black continues to play with concentration.} 23. Bxd7 Bxd7 24. exd5 Nxd5 25. Qc5 (25. Qe1 $142) 25... Be6 $1 {[%emt 0:00:39] This pair of bishops is nice.} 26. Rxa5 Rc8 27. Qa7 Qxa7 $40 {[%emt 0:03:38][%mdl 128] Black has strong attack.} 28. Rxa7 Rxc2 29. Ra8+ Bf8 30. Bxe5 {[%emt 0:01:14] [#]} Rc6 {[%emt 0:00:52] Inhibits Bd6.} 31. Rda1 (31. Rd8 {was worth a try.}) 31... f6 $19 32. Bd4 Nc7 {[%emt 0:00:59][%csl LRa8,LRb3] Prevents R8a6.} 33. Rb8 Bxb3 34. Be3 {[%emt 0:08:30] [#]} Kf7 $1 35. Ra7 Bd6 36. Bf4 {[%emt 0:16:07] aiming for Bxd6.} Bd5 (36... Bxf4 37. gxf4 Ke6 38. Rxb4 $19) 37. Rd8 (37. Bxd6 $2 {is a self mate.} Rc1+ 38. Kh2 Rh1#) 37... Ke6 38. Rxd6+ Rxd6 39. Rxc7 {[%emt 0:00:14][%mdl 4096] Endgame [#] KRB-KRB. Black is a pawn up.} b3 $1 40. Rc1 Ra6 {[%emt 0:06:49] ( -> ...b2)} 41. Re1+ Kf5 42. Be3 Ra4 {[%emt 0:00:40] ...b2 would now be deadly. Prevents Bd4} (42... b2 $2 43. Bd4 $19) 43. Bd2 (43. f3 {is the only way for White.}) 43... Rc4 (43... b2 $2 44. Bc3 $19) 44. Rb1 Rc2 45. Bc1 {[%emt 0:00:00] [#]} b2 $1 {[%emt 0:00:00][%mdl 512] Weighted Error Value: White=0.28 (precise) /Black=0.08 (flawless)   Mistake:       	White=6     	---        Inaccurate:     	---       	Black=4      OK:         	White=7     	Black=18     Best:        	White=7     	Black=4      Strong:       	White=1     	Black=3} 0-1

[Event "AUT Bundesliga 2024-25"]
[Site "Austria"]
[Date "2025.04.04"]
[Round "9.11"]
[White "Esipenko, Andrey"]
[Black "Livaic, Leon"]
[Result "1-0"]
[Annotator "TA"]
[ECO "C41"]
[WhiteElo "2696"]
[BlackElo "2536"]
[PlyCount "41"]
[EventDate "2024.08.28"]
[EventType "team-tourn"]
[EventCountry "AUT"]
[SourceTitle "playchess.com"]
[Source "ChessBase"]
[SourceQuality "1"]
[TimeControl "40/5400+30:1800+30"]

1. d4 d6 2. e4 Nf6 3. Nc3 e5 4. Nf3 Nbd7 5. Bd3 Be7 6. h3 {[%emt 0:00:11] C41: Philidor Defence.} O-O 7. Be3 c6 8. a4 {[%emt 0:00:10] White has an edge.} exd4 9. Bxd4 Qc7 10. O-O Ne5 11. Nh2 $146 (11. Nxe5 dxe5 12. Be3 Be6 13. Qe2 Bb4 14. Nd1 Qe7 15. c3 Bd6 16. Bg5 h6 17. Bh4 {1-0 Verbin,V (1498)-Goian,V (1516) MDA-ch (Women) 2014 (1)}) 11... Nxd3 12. Qxd3 b6 13. Rfe1 Bb7 14. Nf1 Rfe8 15. Ne3 g6 {[%emt 0:00:44] Wards off Nf5} 16. Rad1 {[%emt 0:01:49][%cal Oe3f5] White is more active.} Rad8 17. Nf5 Bc8 $2 {[%emt 0:18:24][%mdl 8192] [#] Loses the game.} (17... gxf5 $2 {is the wrong capture.} 18. Qg3+ Kf8 19. Qg5 $18 (19. exf5 c5 $15)) (17... Nh5 $14) 18. Nh6+ $1 $18 {[%emt 0:09:09] A dynamic duo of knights.} Kg7 19. Qd2 Be6 $2 (19... Qb7 {is more resistant.} 20. b3 c5 21. Bxf6+ Bxf6) 20. Qg5 {[%emt 0:00:42] Threatens to win with Ne2.} Qc8 21. Ne2 {[%emt 0:02:22] Weighted Error Value: White=0.18 (very precise) /Black=0.98  Loses game:     	---       	Black=1      Mistake:       	---       	Black=1      Inaccurate:     	White=2     	Black=5      OK:         	White=4     	Black=3      Best:        	White=1     	Black=1      Strong:       	White=1     	---} 1-0

[Event "AUT Bundesliga 2024-25"]
[Site "Austria"]
[Date "2025.04.04"]
[Round "9.12"]
[White "Koellner, Ruben Gideon"]
[Black "Bacrot, Etienne"]
[Result "1/2-1/2"]
[Annotator "TA"]
[ECO "D05"]
[WhiteElo "2499"]
[BlackElo "2633"]
[PlyCount "60"]
[EventDate "2024.08.28"]
[EventType "team-tourn"]
[EventCountry "AUT"]
[SourceTitle "playchess.com"]
[Source "ChessBase"]
[SourceQuality "1"]
[TimeControl "40/5400+30:1800+30"]

1. d4 d5 2. Nf3 Nf6 3. e3 e6 4. Nbd2 b6 5. Bd3 Bb7 6. Ne5 c5 (6... Nbd7 7. f4 Be7 8. Qf3 c5 9. c3 Qc7 10. O-O a6 11. a4 g6 12. g4 Rf8 13. g5 Nxe5 14. fxe5 Nd7 15. h4 {½-½ Koellner,R (2490)-Bacrot,E (2683) Titled Tuesday intern op 12th Dec Early blitz 2023 (9)}) 7. c3 Be7 {[%emt 0:00:49] D05: Colle System with ...e6.} 8. f4 Qc8 9. g4 $146 (9. Qf3 Ba6 10. Bc2 Nc6 11. Nb3 O-O 12. Kf2 Qb7 13. Ng4 Nxg4+ 14. Qxg4 f5 15. Qh3 {0-1 Bossert,C (2265)-Thoma,C (2225) Oberliga Baden 9596 1995 (9.4)}) 9... Nc6 10. g5 Nd7 11. Ndf3 Ndxe5 12. fxe5 {[%emt 0:00:26] The position is equal.} Qc7 13. Qe2 O-O-O 14. Bd2 f6 15. gxf6 gxf6 16. exf6 Bxf6 17. O-O-O e5 {[%emt 0:01:47] [#] ...e4 is the strong threat.} 18. dxe5 Nxe5 19. Nxe5 Bxe5 20. Rhf1 Bxh2 21. Qh5 Rdf8 {[%emt 0:02:02] Dodges Rf7} (21... Kb8 {is interesting.} 22. Rf7 Qe5 23. Qh6 Qd6) 22. Rxf8+ Rxf8 23. Qxh7 Qxh7 24. Bxh7 Kc7 25. Bd3 Rf7 26. Rf1 Rxf1+ 27. Bxf1 Kd6 28. Be1 Bc8 29. Kd2 Be6 30. Bh4 Be5 {[%emt 0:00:06] An uneventful encounter.   Weighted Error Value: White=0.05 (flawless) /Black=0.06 (flawless)   OK:         	White=9     	Black=3} 1/2-1/2